AoeStats
← web

Arabia

506748870Analyzed
1v1 RM · 17d ago on Sep 15, 2026· 38m 16s· 2 players
Game mode
Random Map
Map size
Tiny (2 player)
Population
200
Speed
Normal
Resources
Standard
Victory
Conquest
Starting age
Dark Age
Ending age
Imperial Age
RankedLock teamsTeams togetherTeam positionsShared explorationLock speedFull tech treeHidden civsTurbo modeCheats
Victory
Defeat
🇦🇷 Britons · Argentina
1469
+14
🇺🇸 Italians · United States
1417
-14
web
3:11 Loom
10:24 Feudal Age
11:31 Double-Bit Axe
18:50 Fletching
20:38 Padded Archer Armor
21:15 Horse Collar
26:27 Castle Age
26:40 Elite Skirmisher
28:10 Bodkin Arrow
28:51 Bow Saw
31:22 Leather Archer Armor
AKEngineer
0:25 Loom
10:39 Feudal Age
10:52 Man-at-Arms
11:48 Double-Bit Axe
15:05 Fletching
19:16 Padded Archer Armor
25:28 Castle Age
23:53 Gold Mining
25:31 Crossbowman
26:07 Bodkin Arrow
29:58 Leather Archer Armor
31:01 Ballistics
40:13 Imperial Age
Connection lost

Rejoining the realm…

Still unreachable

The connection could not be restored.

Session expired

The server has moved on; the page needs a fresh start.